 Dungeon Crawl Stone Soup version 0.29-a0-352-g0917bc69df (webtiles) character file.

Game seed: 700117522950229349

4 JurgenCat the Skirmisher (level 1, 4/14 HPs)
             Began as a Gargoyle Berserker on Apr 24, 2022.
             Was a Follower of Trog.
             Quit the game on level 1 of the Dungeon.
             The game lasted 00:02:27 (79 turns).

JurgenCat the Skirmisher (Gargoyle Berserker)         Turns: 79, Time: 00:02:28

Health: 4/14       AC:  4    Str: 20    XL:     1   Next: 60%
Magic:  1/1        EV: 11    Int:  7    God:    Trog [*.....]
Gold:   0          SH:  0    Dex:  9    Spells: 0/0 levels left

rFire   . . .      SeeInvis .   a - +0 falchion
rCold   . . .      Faith    .   (no shield)
rNeg    + . .      Spirit   .   b - +0 animal skin
rPois   ∞          Reflect  .   (no helmet)
rElec   +          Harm     .   (no cloak)
rCorr   .          Rampage  .   (no gloves)
Will    .....                   (no boots)
Stlth   +.........              (no amulet)
HPRegen 0.04/turn               (no ring)
MPRegen 0.07/turn               (no ring)

@: no status effects
A: sickness immunity, AC +2, negative energy resistance 1, electricity
resistance, torment resistance 1, petrification resistance
a: Renounce Religion, Berserk


You were on level 1 of the Dungeon.
You worshipped Trog.
Trog was aware of your devotion.
You visited 1 branch of the dungeon, and saw 1 of its levels.

Inventory:

Hand Weapons
 a - a +0 falchion (weapon)
Armour
 b - a +0 animal skin (worn)
Scrolls
 c - a scroll of blinking {unknown}


   Skills:
 + Level 3.4 Fighting
 + Level 2.8 Long Blades
 + Level 2.3 Armour
 + Level 1.6 Dodging


You couldn't memorise any spells.
You didn't know any spells.
Your spell library was empty.

Dungeon Overview and Level Annotations

Branches:
Dungeon (1/15)

Altars:


Innate Abilities, Weirdness & Mutations

You are immune to sickness and miasma.
Your stone body is resilient. (AC +2)
You are immune to poison.
You resist negative energy. (rN+)
You are resistant to electric shocks. (rElec)
You are resistant to unholy torment.
You are immune to petrification.


Message History

You closely miss the frilled lizard. The frilled lizard closely misses you.
You barely miss the frilled lizard. The frilled lizard bites you.
* * * LOW HITPOINT WARNING * * *
You closely miss the frilled lizard.
The frilled lizard bites you but does no damage.
You hit the frilled lizard.
The frilled lizard is moderately wounded.
The frilled lizard closely misses you. The frilled lizard bites you.
* * * LOW HITPOINT WARNING * * *
The frilled lizard bites you but does no damage.
You see here a bat corpse.
Found a ring mail.
You barely miss the frilled lizard.
The frilled lizard is moderately wounded.
The frilled lizard closely misses you.
You closely miss the frilled lizard. The frilled lizard misses you.
The frilled lizard misses you.
You hit the frilled lizard.
The frilled lizard is severely wounded.
The frilled lizard bites you but does no damage.
You miss the frilled lizard.
The frilled lizard is severely wounded.
The frilled lizard barely misses you.
Unknown command.
You barely miss the frilled lizard.
The frilled lizard is severely wounded.
The frilled lizard barely misses you.
You hit the frilled lizard.
You kill the frilled lizard!
Trog accepts your kill.
You see here a +0 ring mail.
You see here a +0 ring mail.
Unknown command.
You see here a +0 ring mail.
Found a fizzy green potion.
Found 6 gold pieces.
A quokka comes into view.
You see here a fizzy green potion.
You see here a fizzy green potion.
Are you sure you want to abandon this character and quit the game? (Confirm with "yes".)

...#. ...## ..# ....
#...# ..# ....#
#...## ..# #
..#..##....# #..# ##
#. #..#.##.##...###.
#. ##...##....#.##..
#. #............#...
#.##.#[......#####..
#..@.#..##..†...###.
#......###.####†##..#
## ###....# #.#
#.)..## # #....# #.#
#†##..# $.r#### #.#
#..##..#### ....
......###...... #...
....## ###...# #...
...! ###.. ... ###


You could see a quokka.

Vanquished Creatures
  A bat (D:1)
  A kobold (D:1)
  A frilled lizard (D:1)
  A rat (D:1)
4 creatures vanquished.

Notes
Turn   | Place    | Note
-------+----------+-------------------------------------------
     0 | D:1      | JurgenCat the Gargoyle Berserker began the quest for the
                  | Orb.
     0 | D:1      | Reached XP level 1. HP: 14/14 MP: 1/1
    79 | D:1      | Quit the game

Illustrated notes

Levels and vault maps discovered:
D:1:      mrwooster_arrival_arrow, layout_rooms, fountainhead

Action                   || total
-------------------------++-------
Melee: Falchion          ||    18
Armor: Animal skin       ||     8
Dodge: Dodged            ||    17

Table legend: (Time is in decaauts)
 A = Elapsed time spent in this place.
 B = Non-inter-level travel time spent in this place.
 C = Inter-level travel time spent in this place.
 D = Time resting spent in this place.
 E = Time spent auto-exploring this place.
 F = Levels seen in this place.
 G = Mean time per level.
                   A        B        C        D        E       F      G
               +--------+--------+--------+--------+--------+-----+--------+
         Total |     81 |     81 |      0 |      0 |      0 |   1 |   81.0 |
       Dungeon |     81 |     81 |      0 |      0 |      0 |   1 |   81.0 |
               +--------+--------+--------+--------+--------+-----+--------+

Top non-repeatable levels by time:
     D:1: 81 daAuts
